Map: Heavy Artillery LE

Players

fris

  • Race: Terran Terran
  • Spawn Location: 7:00

Woodroof

  • Race: Protoss Protoss
  • Spawn Location: 7:00

Massa - Winner!

  • Race: Terran Terran
  • League: Gold
  • Spawn Location: 1:00

qqq - Winner!

  • Race: Zerg Zerg
  • Spawn Location: 3:00

VOD

Have the link to the VOD?

Description

Time

  • Played on: July 4, 2020, 10:11 a.m.
  • Length: 14:26
Show
View Real Time Build Order
Export as new Build Order

fris Terran 

Build Orders:  

Get SALT Encoding   

  12  0:01  SCV  
  13  0:13  SCV  
  14  0:25  SCV, Supply Depot  
  15  0:45  Refinery  
  15  0:46  SCV  
  15  0:48  Refinery  
  16  0:50  Barracks  
  16  0:58  SCV  
  17  1:10  SCV  
  18  1:22  SCV  
  19  1:35  SCV  
  19  1:38  Reaper  
  21  1:41  Supply Depot  
  21  1:47  SCV  
  22  2:00  SCV, Factory  
  23  2:12  Marine  
  25  2:23  Orbital Command  
  24  2:38  Barracks Reactor  
  23  2:52  SCV  
  24  3:04  SCV  
  25  3:42  SCV  
  26  3:50  Barracks  
  26  3:53  Barracks, Marine x2  
  26  3:54  SCV  
  29  4:01  Factory Tech Lab  
  29  4:07  Supply Depot  
  29  4:09  SCV  
  30  4:11  Marine  
  30  4:12  Command Center  
  31  4:29  SCV, Marine x2, Siege Tank  
  37  4:41  SCV  
  37  4:43  Starport, Barracks Tech Lab, Barracks Reactor  
  38  4:46  Marine  
  39  5:01  Supply Depot  
  39  5:03  Supply Depot  
  39  5:07  Stimpack  
  39  5:22  Marine x5  
  39  5:23  SCV  
  45  5:40  Marine x5  
  50  5:58  Marine, Command Center  
  50  6:02  Orbital Command  
  50  6:04  Marine x4  
  51  6:05  Siege Tank  
  51  6:06  Medivac  
  51  6:10  SCV  
  61  6:16  Marine  
  62  6:22  SCV  
  63  6:28  SCV  
  64  6:33  Marine, Supply Depot  
  64  6:34  SCV  
  64  6:36  Supply Depot  
  66  6:40  Supply Depot  
  66  6:51  Marine x4  
  66  6:53  Combat Shield  
  70  6:54  Marine  
  70  7:00  SCV x2  
  73  7:08  Marine  
  73  7:12  SCV  
  60  7:38  Marine x2  
  60  7:39  Marine x3  
  60  7:40  Siege Tank  
  60  7:41  Medivac  
  70  7:56  Marine  
  71  8:05  Marine x4  
  75  8:14  Marine  
  75  8:19  Siege Tank  
  75  8:20  Medivac  
  75  8:23  Marine x4  
  80  8:30  SCV x2, Orbital Command  
  82  8:36  Refinery  
  80  8:42  Supply Depot  
  80  8:44  Supply Depot  
  80  8:45  Supply Depot  
  80  8:46  Supply Depot  
  80  8:48  Marine x3  
  71  8:49  Marine x2, Supply Depot  
  71  8:52  Siege Tank  
  74  9:06  Marine x2  
  74  9:09  Marine x3  
  74  9:13  Medivac  
  75  9:18  SCV x3  
  75  9:24  Marine, Siege Tank  
  72  9:27  Marauder  
  75  9:43  Liberator  
  73  9:49  Marauder  
  74  9:59  Marine  
  74  10:00  Marine x3  
  74  10:03  Siege Tank  
  74  10:04  SCV x2  
  83  10:10  Refinery, Marauder  
  85  10:17  Marine x2  
  85  10:18  Marine x2  
  85  10:20  Engineering Bay  
  89  10:23  SCV x2  
  89  10:24  SCV  
  89  10:26  Refinery  
  89  10:27  Engineering Bay  
  92  10:29  Refinery  
  92  10:32  Marauder  
  92  10:35  SCV, Siege Tank  
  98  10:36  Supply Depot x2  
  98  10:38  Marine  
  98  10:39  SCV  
  100  11:00  Marine x3  
  100  11:01  Marauder  
  105  11:04  Viking  
  107  11:15  Marine  
  107  11:18  Marine x3  
  109  11:23  Marauder  
  97  11:33  Marine  
  97  11:36  Marine x2  
  97  11:44  Marauder  
  97  11:45  Orbital Command  
  81  12:06  SCV x2, Marauder  
  81  12:07  Marine  
  86  12:09  Marine x3  
  86  12:10  Siege Tank  
  86  12:11  Starport Reactor  
  92  12:17  Fusion Core  
  92  12:18  SCV  
  92  12:21  Starport  
  92  12:22  Armory  
  93  12:25  Marine  
  93  12:27  Marauder, Marine x3  
  99  12:42  Marine, Siege Tank  
  103  12:45  Marine  
  103  12:48  Marauder  
  106  13:10  Marine  
  106  13:12  SCV, Marauder  
  110  13:13  SCV x2  
  96  13:30  Missile Turret  
  96  13:32  Missile Turret  
  96  13:33  Marauder  
  82  13:34  Missile Turret  
  82  13:36  Missile Turret  
  52  13:53  Marine x4  
  52  13:54  Marauder  
Show
View Real Time Build Order
Export as new Build Order

Woodroof Protoss 

Build Orders:  

Get SALT Encoding   

  12  0:01  Probe  
  13  0:13  Probe  
  14  0:25  Probe, Pylon  
  15  0:43  Probe  
  15  0:46  Gateway  
  16  0:51  Assimilator  
  16  0:55  Probe  
  17  1:07  Forge  
  17  1:09  Probe  
  18  1:19  Pylon  
  18  1:22  Probe  
  19  1:26  Assimilator  
  19  1:34  Cybernetics Core  
  19  1:36  Probe  
  20  1:41  Zealot  
  22  1:48  Probe  
  23  1:57  Gateway  
  23  2:01  Warp Gate  
  23  2:02  Pylon  
  23  2:05  Probe  
  24  2:18  Probe  
  25  2:25  Stalker  
  27  2:40  Probe  
  28  2:46  Photon Cannon  
  28  2:48  Stalker  
  30  2:55  Probe  
  31  3:17  Probe  
  31  3:19  Stalker  
  34  3:28  Stalker  
  36  3:35  Twilight Council  
  36  3:38  Pylon  
  36  3:49  Protoss Ground Weapons Level 1  
  36  3:56  Gateway  
  36  3:58  Stalker  
  36  4:02  Blink  
  38  4:06  Probe  
  38  4:08  Sentry  
  41  4:18  Probe  
  41  4:23  Stalker  
  44  4:32  Sentry  
  46  4:53  Pylon  
  46  5:12  Pylon  
  46  5:13  Stalker x3  
  52  5:27  Stargate  
  52  5:44  Stalker x2  
  52  5:48  Stalker  
  58  6:06  Protoss Ground Armor Level 1  
  36  7:49  Robotics Facility  
  36  8:00  Nexus  
  36  8:02  Assimilator  
  34  8:06  Assimilator  
  32  8:32  Stalker  
  32  8:33  Stalker x2  
  38  8:35  Protoss Ground Armor Level 2  
  34  9:12  Probe  
  35  9:22  Probe  
  36  9:24  Probe  
  33  9:34  Probe  
  33  9:36  Probe  
  33  9:45  Stalker x2  
  37  9:46  Probe, Stalker  
  37  9:48  Probe  
  37  9:49  Pylon  
  41  10:08  Observer  
  42  10:17  Gateway  
  42  10:18  Gateway  
  42  10:19  Void Ray  
  46  10:24  Assimilator  
  45  10:29  Warp Prism, Assimilator  
  45  10:31  Protoss Air Weapons Level 1  
  45  10:33  Pylon  
  47  10:41  Probe  
  47  10:53  Probe  
  47  10:56  Stalker x3  
  54  11:05  Immortal  
  52  11:32  Stalker  
  52  11:33  Stalker x3  
  54  11:59  Stalker  
  54  12:00  Stalker x4  
  64  12:03  Probe  
  65  12:13  Immortal  
  69  12:17  Void Ray  
  69  12:22  Dark Shrine  
  73  12:32  Fleet Beacon  
  73  12:36  Templar Archives  
  73  12:42  Stalker  
  73  12:43  Stalker x4  
  78  13:26  Stalker x2  
  78  13:27  Stalker x2  
  82  13:49  Stalker x2  
  85  13:57  Stalker  
  79  14:04  Pylon  
  79  14:06  Pylon  
Show
View Real Time Build Order
Export as new Build Order

Massa Terran - Winner!

Build Orders: Gas First Reaper Expand 

Get SALT Encoding   

  12  0:06  SCV  
  13  0:17  Supply Depot  
  13  0:18  SCV  
  14  0:30  SCV  
  14  0:33  Refinery  
  15  0:43  Barracks  
  15  0:46  SCV  
  16  0:58  SCV  
  17  1:14  SCV  
  18  1:30  Orbital Command  
  18  1:31  Reaper  
  19  1:45  Command Center  
  19  1:56  SCV  
  20  2:03  Reaper  
  20  2:08  SCV  
  22  2:20  SCV  
  23  2:30  Factory  
  23  2:50  SCV, Supply Depot  
  23  2:52  Reaper  
  23  3:21  SCV x2  
  24  3:33  SCV x2, Marine  
  26  3:45  SCV  
  27  3:51  Marine  
  29  4:10  Barracks  
  29  4:11  Factory Tech Lab  
  28  4:26  Supply Depot  
  28  4:30  Barracks Tech Lab  
  28  4:32  Siege Tank  
  28  4:35  SCV x2  
  33  4:45  Refinery  
  33  4:46  Starport  
  33  4:47  SCV x2  
  33  4:49  Supply Depot  
  35  4:57  Marauder  
  35  4:59  SCV  
  38  5:01  Barracks Tech Lab  
  38  5:06  SCV, Command Center  
  39  5:11  SCV, Supply Depot  
  40  5:15  Engineering Bay  
  40  5:18  SCV, Marauder  
  43  5:23  SCV  
  43  5:28  Siege Tank  
  46  5:54  Missile Turret  
  46  5:56  Missile Turret  
  46  6:00  Marauder x2  
  50  6:12  SCV x2, Barracks  
  50  6:18  Barracks  
  52  6:19  Refinery  
  52  6:21  Marauder x2  
  52  6:22  Refinery  
  52  6:24  SCV x2  
  58  6:43  Marauder x2  
  62  7:04  Marauder x2  
  54  7:19  Barracks Reactor, Barracks Tech Lab  
  51  7:25  Marauder  
  51  7:29  Widow Mine  
  46  7:41  Planetary Fortress  
  46  7:47  SCV x2, Marauder  
  50  7:57  Barracks  
  50  7:59  SCV x2  
  50  8:01  Barracks  
  52  8:06  Marauder  
  52  8:16  Barracks Tech Lab x2  
  52  8:19  Stimpack  
  52  8:31  Factory  
  52  8:40  Supply Depot x2  
  52  8:46  Barracks  
  52  8:47  Barracks  
  52  8:49  Barracks  
  52  8:57  Refinery  
  52  9:00  Orbital Command  
  52  9:01  Refinery  
  52  9:02  Barracks Tech Lab, Marauder x3  
  58  9:03  Barracks Reactor  
  58  9:04  Supply Depot x2  
  58  9:23  Marauder x3  
  64  9:28  Supply Depot x2  
  64  9:29  Combat Shield  
  64  9:30  Concussive Shells  
  62  9:44  Marauder x3  
  64  9:51  Marauder  
  58  9:53  Marine x2  
  60  10:00  Barracks Reactor, Barracks Tech Lab  
  60  10:01  Barracks Tech Lab  
  60  10:02  Medivac  
  60  10:06  Marauder x3  
  68  10:11  Marine x2  
  68  10:12  Factory Tech Lab, Marauder  
  72  10:17  SCV x3  
  75  10:27  Marauder x3  
  81  10:28  Marine  
  81  10:29  SCV x2, Marine  
  81  10:30  SCV  
  81  10:31  Marauder x2  
  81  10:34  Marauder  
  92  10:37  Widow Mine  
  92  10:41  SCV  
  92  10:42  SCV x2  
  97  10:46  Marine  
  97  10:47  Marine  
  97  10:49  Marauder  
  101  11:01  Supply Depot x3  
  101  11:02  Supply Depot x2  
  101  11:03  Supply Depot  
  101  11:04  Supply Depot  
  101  11:06  Supply Depot  
  101  11:07  Marauder  
  101  11:22  SCV x2, Marine x2  
  101  11:23  SCV, Marauder x5  
  112  11:28  Marauder  
  112  11:35  SCV x3  
  115  11:44  Marauder x5  
  97  11:56  Marauder  
  97  11:58  Marine  
  92  12:05  Marauder x2  
  92  12:06  Marauder x3  
  102  12:15  Command Center  
  102  12:18  Marauder  
  104  12:25  Engineering Bay  
  104  12:27  Marauder x5  
  114  12:31  Siege Tank  
  117  12:39  Marauder  
  117  12:42  Medivac  
  121  12:46  Marine x4  
  121  12:48  Marauder x5  
  135  13:00  Marauder  
  135  13:03  Siege Tank  
  135  13:04  Marine x3  
  143  13:10  Marauder x5  
  153  13:26  Marauder  
  154  13:31  Marauder  
  117  13:48  Marauder x2  
  117  13:49  Marauder  
  117  13:50  Marine x2  
  116  14:07  Marine  
Show
View Real Time Build Order
Export as new Build Order

qqq Zerg - Winner!

Build Orders: Hatch First 

Get SALT Encoding   

  12  0:01  Drone  
  13  0:31  Hatchery  
  13  0:35  Drone  
  13  0:39  Drone  
  14  0:47  Overlord  
  14  1:04  Spawning Pool  
  13  1:16  Drone x3  
  16  1:20  Extractor  
  15  1:28  Drone  
  16  1:39  Drone  
  17  1:50  Drone  
  17  1:51  Queen  
  17  1:54  Drone  
  21  2:06  Queen  
  21  2:07  Drone x2  
  25  2:12  Overlord  
  25  2:17  Zergling x2  
  25  2:20  Drone  
  27  2:23  Zergling x2  
  28  2:38  Zergling x2  
  28  2:40  Drone x2  
  32  2:44  Zergling x2  
  32  2:53  Metabolic Boost  
  32  2:55  Zergling x2  
  32  2:57  Drone  
  34  3:22  Zergling x4  
  34  3:23  Overlord x3  
  36  3:43  Zergling x4  
  36  3:44  Drone  
  39  3:58  Zergling x2  
  39  3:59  Baneling Nest  
  39  4:00  Drone x2  
  39  4:01  Drone, Hatchery  
  41  4:08  Hatchery  
  40  4:30  Zergling x8  
  40  4:31  Drone x2, Zergling x2  
  45  4:32  Drone x2  
  45  4:35  Lair  
  49  4:39  Drone, Zergling x2  
  51  4:54  Drone  
  51  4:55  Roach Warren  
  51  4:57  Drone  
  52  5:10  Drone  
  52  5:11  Zergling x4  
  52  5:14  Overlord  
  55  5:16  Drone x2  
  55  5:17  Zergling x4  
  59  5:23  Drone x4  
  63  5:37  Zergling x8  
  63  5:38  Zergling x4  
  69  5:52  Extractor  
  69  5:53  Extractor  
  69  5:55  Glial Reconstitution, Roach  
  69  6:00  Infestation Pit  
  69  6:02  Drone x7  
  69  6:04  Spire  
  72  6:26  Roach  
  72  6:27  Roach x3  
  72  6:28  Overlord  
  72  6:29  Overlord x5  
  80  6:35  Extractor  
  80  6:36  Extractor, Drone x2  
  73  6:55  Roach  
  73  6:56  Roach x4  
  73  6:57  Drone x6  
  70  7:15  Zergling x2  
  70  7:16  Zergling x10  
  70  7:17  Roach x2  
  70  7:18  Drone x2  
  82  7:28  Zergling x2  
  82  7:29  Zergling x8  
  81  7:39  Roach  
  81  7:40  Zergling x4  
  81  7:41  Zergling x2  
  84  7:45  Zergling x2  
  84  7:47  Roach x2  
  89  7:55  Hatchery  
  88  7:59  Roach x2  
  88  8:01  Roach x2  
  86  8:15  Roach x4  
  86  8:19  Roach x4  
  85  8:29  Spine Crawler x2  
  85  8:30  Spine Crawler  
  85  8:31  Roach x4  
  88  8:42  Roach x4  
  84  8:53  Drone x2  
  84  8:54  Roach x2  
  82  9:06  Roach x3  
  82  9:07  Roach x4  
  84  9:15  Roach  
  84  9:17  Roach x2  
  84  9:30  Drone x5  
  91  9:31  Roach x4  
  95  9:39  Mutalisk  
  95  9:41  Corruptor  
  95  9:42  Drone x3  
  102  9:51  Extractor, Zerg Flyer Weapons Level 1  
  102  9:52  Hive  
  101  9:55  Evolution Chamber  
  101  9:56  Drone x3  
  101  9:58  Evolution Chamber  
  102  10:05  Roach x4  
  110  10:09  Hatchery, Drone  
  110  10:10  Drone x2  
  110  10:12  Spore Crawler  
  111  10:15  Spine Crawler  
  111  10:18  Drone x2  
  111  10:19  Drone  
  111  10:20  Mutalisk x2  
  117  10:32  Ravager  
  117  10:34  Roach  
  117  10:35  Drone x2, Roach x2  
  126  10:59  Overlord  
  126  11:00  Overlord x4  
  86  11:38  Mutalisk x5  
  86  11:39  Mutalisk  
  79  11:45  Drone x3  
  79  11:46  Drone x2, Zergling x8  
  88  11:49  Drone  
  88  11:50  Drone x2  
  91  11:56  Zerg Melee Weapons Level 1  
  91  11:57  Zerg Ground Armor Level 1  
  91  11:59  Roach x2  
  91  12:00  Drone x3  
  98  12:12  Hatchery  
  98  12:15  Hatchery, Drone x2  
  97  12:16  Drone x3  
  97  12:17  Hatchery  
  97  12:19  Zergling x8  
  97  12:20  Hatchery  
  103  12:31  Ultralisk Cavern  
  103  12:32  Drone x6  
  103  12:33  Drone  
  103  12:35  Extractor  
  108  12:37  Spine Crawler  
  108  12:39  Spine Crawler, Spore Crawler  
  108  12:41  Drone x2, Spine Crawler  
  108  12:42  Drone x2  
  108  12:46  Roach  
  108  12:47  Zergling x8, Roach  
  108  13:20  Ultralisk x2  
  108  13:21  Ultralisk x3  
  108  13:24  Anabolic Synthesis  
  138  13:32  Zergling x4  
  138  13:34  Roach x4  
  147  13:56  Zergling x2  
  147  13:57  Zergling x16  
  147  13:58  Zergling x10  
  147  13:59  Zergling x18  
Tags
 
Add a new tag
Caveats
  • Supply blocks, unpowered buildings, or Contaminate may cause inaccurate times.
  • Supply counts are checked every 10 seconds.